 Dungeon Crawl Stone Soup version 0.31-a0-246-g8cbcc1cb85 (webtiles) character file.

Game seed: 6035908989880471831

83265 qw the Marksgargoyle (level 15, 0/100 HPs)
             Began as a Gargoyle Hexslinger on July 12, 2023.
             Was a High Priest of Okawaru.
             Slain by a salamander
             ... wielding a +3 trident of protection
              (14 damage)
             ... on level 15 of the Dungeon.
             The game lasted 00:08:07 (18280 turns).

qw the Marksgargoyle (Gargoyle Hexslinger)         Turns: 18280, Time: 00:08:08

Health: 0/100      AC: 25    Str: 12    XL:     15   Next: 76%
Magic:  22/22      EV: 30    Int: 15    God:    Okawaru [*****.]
Gold:   1257       SH:  7    Dex: 24    Spells: 15/16 levels left

rFire   . . .        j - +2 triple crossbow
rCold   . . .        (shield currently unavailable)
rNeg    + + .        c - +0 leather armour "Liyth" {Dex+6}
rPois   inf          d - +2 helmet
rElec   +            e - +0 cloak
rCorr   .            l - +0 pair of gloves
SInv    .            o - +0 pair of boots
Will    +....        i - amulet of reflection
Stlth   +++          u - ring of the Octopus King {rN+ HP+2 AC+2 EV+2 SH+2}
HPRegen 0.36/turn    n - +5 ring of evasion
MPRegen 0.18/turn

%: reflection
@: heroic, flying
A: sickness immunity, AC +11, big wings, negative energy resistance 1,
electricity resistance, torment resistance 1, petrification resistance
a: Renounce Religion, Heroism, Finesse, Duel


You were on level 15 of the Dungeon.
You worshipped Okawaru.
Okawaru was extremely pleased with you.
You visited 3 branches of the dungeon, and saw 21 of its levels.

You collected 1305 gold pieces.
You spent 48 gold pieces at shops.


Innate Abilities, Weirdness & Mutations

You are immune to sickness and miasma.
Your stone body is resilient. (AC +11)
You are immune to poison.
Your large and strong wings let you fly.
You resist negative energy. (rN+)
You are resistant to electric shocks. (rElec)
You are resistant to unholy torment.
You are immune to petrification.


   Skills:
 - Level 13.0(18.0) Fighting
 - Level 20.0(25.0) Ranged Weapons
 + Level 6.5(11.5) Armour
 - Level 9.0(14.0) Dodging
 - Level 1.0 Spellcasting
 - Level 2.6 Hexes
 - Level 10.0 Invocations


You had 15 spell levels left.
You knew the following spells:

 Your Spells              Type           Power      Damage    Failure   Level
a - Slow                  Hex            32%        N/A       10%         1

Your spell library contained the following spells:

 Spells                   Type           Power      Damage    Failure   Level
 Inner Flame              Hex/Fire       4%         N/A       45%         3
 Portal Projectile        Hex/Tloc       8%         N/A       45%         3
 Cause Fear               Hex            4%         N/A       67%         4

Inventory:

Hand Weapons
 j - a +2 triple crossbow (weapon)
Armour
 c - the +0 leather armour "Liyth" (worn) {Dex+6}
   (You found it on level 4 of the Dungeon)

   Dex:       It affects your dexterity (+6).
 d - a +2 helmet (worn)
 e - a +0 cloak (worn)
 l - a +0 pair of gloves (worn)
 o - a +0 pair of boots (worn)
 v - the +1 robe "Fiabim" {-Tele Regen+ Dex+5}
   (Okawaru gifted it to you on level 5 of the Lair of Beasts)

   Dex:       It affects your dexterity (+5).
   -Tele:     It prevents most forms of teleportation.
   Regen:     It increases your rate of health regeneration.
Jewellery
 b - a ring of protection from fire
 i - an amulet of reflection (around neck)
 n - a +5 ring of evasion (right hand)
 r - a ring of protection from fire
 u - a ring of the Octopus King (left hand) {rN+ HP+2 AC+2 EV+2 SH+2}
   (You found it on level 5 of the Lair of Beasts)

   [ring of positive energy]

   AC:        It affects your AC (+2).
   EV:        It affects your evasion (+2).
   rN:        It protects you from negative energy.
   HP:        It affects your health (+2).
   SH:        It affects your SH (+2).
Wands
 p - a wand of digging (7)
Scrolls
 a - 5 scrolls of identify
Potions
 f - 4 potions of mutation
 g - 2 potions of enlightenment
 h - 3 potions of resistance
 k - 3 potions of curing
 m - 2 potions of might
 t - 2 potions of haste
 w - 2 potions of cancellation

Dungeon Overview and Level Annotations

Branches:
Dungeon (15/15)            Temple (1/1) D:5            Lair (5/5) D:8
  Swamp (0/4) Lair:2        Snake (0/4) Lair:2        Slime (0/5) Lair:5
    Orc (0/2) D:12         Vaults (0/5) D:14
 Depths: D:15

Altars:
Ashenzari
Cheibriados
Dithmenos
Elyvilon
Fedhas
Gozag
Hepliaklqana
Kikubaaqudgha
Makhleb
Nemelex Xobeh
Okawaru
Qazlal
Ru
Sif Muna
Trog
Uskayaw
Vehumet
Wu Jian
Xom
Yredelemnul
Zin
The Shining One
Jiyva

Shops:
D:2 (*?!   D:6 (   D:8 (   D:14 (   D:15 (

Annotations:
D:3 1 runed translucent door, qw's ghost, amateur GrHs
Lair:2 2 transporters


Message History

The dire elephant is moderately wounded.
The dire elephant splashes around in the water.
The dire elephant trunk-slaps you but does no damage.
The salamander hits you from afar with a +3 trident of protection!
You are engulfed in flames!
You shoot a bolt. The bolt hits the dire elephant!
The dire elephant is moderately wounded.
The dire elephant completely misses you. x2
The salamander completely misses you.
You shoot a bolt.
The bolt hits the dire elephant but does no damage.
The dire elephant is moderately wounded.
You block the dire elephant's attack.
The dire elephant splashes around in the water.
The salamander completely misses you.
You shoot a bolt. The bolt hits the dire elephant!!
The dire elephant is heavily wounded.
The dire elephant completely misses you.
The dire elephant closely misses you. You block the salamander's attack.
You shoot a bolt. The bolt hits the dire elephant!!
The dire elephant is severely wounded.
You block the dire elephant's attack.
The dire elephant trunk-slaps you but does no damage.
You block the salamander's attack. The dire elephant tramples you!!
You hold your ground!
The dire elephant misses you.
You shoot a bolt. The bolt hits the dire elephant!!
The dire elephant is almost dead.
The salamander misses you.
The dire elephant tramples you but does no damage.
The dire elephant trunk-slaps you!
You shoot a bolt. The bolt hits the dire elephant!!!!
You kill the dire elephant!
Okawaru accepts your kill.
The salamander hits you from afar with a +3 trident of protection!
You are engulfed in flames!
You shoot a bolt.
The bolt hits the salamander but does no damage.
The salamander hits you from afar with a +3 trident of protection.
You are engulfed in flames!
You die...

...# #......#
...# #......#
...###
##.######
.....######.#
..#
..........).#
..#
.....######[#
##.## .....#
#.# #..N
.....#
#.###~.#
.....#
#...#.@#
######
###.#.##
#....#
#..~...~.#
#....#####
######


You could see a salamander.

Vanquished Creatures
  Jorgrun (D:14)
  Rupert (Lair:3)
  Frances (D:14)
  Gastronok (D:8)
  Kirke (D:14)
  Azrael (D:14)
  A dire elephant (D:15)
  A fire dragon (D:14)
  11 hydras
  A merfolk avatar (Lair:5)
  3 boulder beetles
  5 two-headed ogres
  A catoblepas (Lair:1)
  2 dancing weapons (D:14)
  A centaur warrior (D:13)
  A tengu warrior (D:14)
  Nergalle (D:10)
  3 skysharks (Lair:5)
  7 skeletal warriors
  An orc knight (D:15)
  A deep elf pyromancer (D:13)
  2 harpies (Lair:5)
  4 cyclopes
  2 orc sorcerers
  2 ugly things (D:13)
  3 manticores
  21 elephants
  6 black mambas
  Maurice (D:10)
  2 molten gargoyles (Lair:4)
  3 unseen horrors
  Maggie (D:8)
  2 kobold demonologists (D:12)
  7 cane toads
  5 rime drakes
  12 komodo dragons
  An efreet (D:14)
  A freezing wraith (D:14)
  A tengu conjurer (D:14)
  5 trolls
  3 polar bears
  A queen bee (shapeshifter) (D:13)
  10 blink frogs
  23 slime creatures
  66 yaks
  A spriggan (shapeshifter) (D:12)
  2 shadows (D:12)
  2 wraiths
  5 wyverns
  4 fire elementals (D:14)
  3 basilisks
  3 humans (D:14)
  2 steam dragons
  8 vampire mosquitoes
  3 nagas (Lair:2)
  An acid dragon (D:10)
  4 hell hounds (D:14)
  18 water moccasins
  4 black bears
  8 orc warriors
  2 sky beasts
  An ogre (D:6)
  12 wolves
  3 centaurs
  4 phantoms
  4 kobold brigands
  15 bullfrogs
  2 gnoll sergeants
  3 wights (D:10)
  2 troll zombies (D:12)
  3 electric eels
  3 howler monkeys
  4 jellies
  4 lava snakes (Lair:4)
  5 hounds
  6 orc priests
  A gnoll bouda (D:8)
  Ijyb (D:3)
  Terence (D:3)
  4 iguanas
  4 sleepcaps
  10 orc wizards
  7 hell rats (Lair:4)
  4 ogre zombies (D:12)
  6 adders
  12 gnolls
  A white imp (D:7)
  2 ufetubi
  3 worms
  3 dart slugs
  37 orcs
  6 ball pythons
  7 endoplasms
  4 giant cockroaches
  31 goblins
  10 hobgoblins
  13 jackals
  24 kobolds
  5 quokkas
  4 bats
  2 frilled lizards (D:1)
  2 goblin skeletons (D:12)
  A hobgoblin skeleton (D:12)
  4 hobgoblin zombies (D:12)
  2 orc skeletons (D:12)
  10 orc zombies (D:12)
  8 rats
600 creatures vanquished.

Notes
Turn   | Place    | Note
-------+----------+-------------------------------------------
     0 | D:1      | qw the Gargoyle Hexslinger began the quest for the Orb.
     0 | D:1      | Reached XP level 1. HP: 12/12 MP: 2/2
     0 | D:1      | 0 ||| qw: Version: 0.3-a-52-g30416fa
     0 | D:1      | 0 ||| qw: Game counter: 6432
     0 | D:1      | 0 ||| qw: Melee chars always use a shield: true
     0 | D:1      | 0 ||| qw: God list: Okawaru
     0 | D:1      | 0 ||| qw: Allow faded altars: false
     0 | D:1      | 0 ||| qw: Do Orc after clearing Dungeon:15 true
     0 | D:1      | 0 ||| qw: Do second Lair branch before Depths: true
     0 | D:1      | 0 ||| qw: Lair rune preference: random
     0 | D:1      | 0 ||| qw: Goals: Normal
     0 | D:1      | 0 ||| PLANNING D:1-11
    45 | D:1      | HP: 3/12 [goblin/+0 dagger (1)]
    51 | D:1      | Reached XP level 2. HP: 7/16 MP: 3/3
   127 | D:1      | Reached skill level 3 in Ranged Weapons
   212 | D:1      | You fall into a shaft and drop 1 floor!
   281 | D:2      | Reached XP level 3. HP: 16/21 MP: 4/4
   361 | D:2      | 361 ||| UPGRADING to +0 pair of gloves.
   366 | D:2      | 366 ||| UPGRADING to amulet of reflection.
   371 | D:2      | 371 ||| UPGRADING to +4 ring of slaying {mikee}.
   372 | D:2      | 372 ||| READING scroll labelled UVVOEM VOPTEG.
   373 | D:2      | 373 ||| READING scroll labelled OMPEFU EJAO.
   374 | D:2      | 374 ||| READING scroll labelled EPAREXTAKKY.
   375 | D:2      | 375 ||| DROPPING scroll of poison.
   892 | D:1      | 892 ||| READING scroll labelled WOOHUM DOROGAXO.
   931 | D:2      | Found Raeqour's General Store.
  1077 | D:2      | Found Apitocen's Magic Scroll Emporium.
  1085 | D:2      | 1085 ||| SHOPLISTING 3 scrolls of identify (78 gold, have
                  | 43).
  1085 | D:2      | 1085 ||| SHOPLISTING scroll of enchant weapon (97 gold,
                  | have 43).
  1085 | D:2      | 1085 ||| BUYING scroll of identify (26 gold).
  1085 | D:2      | Bought a scroll of identify for 26 gold pieces
  1085 | D:2      | 1085 ||| SHOPLISTING scroll of identify (26 gold, have 17).
  1126 | D:2      | Found Weamaane's Distillery.
  1131 | D:2      | 1131 ||| SHOPLISTING potion of curing (33 gold, have 30).
  1131 | D:2      | 1131 ||| SHOPLISTING potion of enlightenment (55 gold, have
                  | 30).
  1131 | D:2      | 1131 ||| SHOPLISTING potion of haste (110 gold, have 30).
  1232 | D:2      | 1232 ||| SHOPLISTING potion of resistance (110 gold, have
                  | 30).
  1232 | D:2      | 1232 ||| BUYING scroll of identify (22 gold).
  1232 | D:2      | Bought a scroll of identify for 22 gold pieces
  1320 | D:2      | 1320 ||| Stepping ~*~*~tactically~*~*~ (outnumbered).
  1399 | D:2      | Reached XP level 4. HP: 26/26 MP: 5/5
  1563 | D:2      | Found Femok's Weapon Emporium.
  1572 | D:2      | 1572 ||| SHOPLISTING +0 orcbow (45 gold, have 8).
  1640 | D:2      | 1640 ||| READING 2 scrolls of identify.
  1640 | D:2      | 1640 ||| IDENTIFYING inky potion
  1641 | D:2      | 1641 ||| DROPPING potion of magic.
  1825 | D:3      | Reached skill level 4 in Ranged Weapons
  1852 | D:3      | 1852 ||| SWAPPING to +2 sling of electrocution.
  1853 | D:3      | 1853 ||| DROPPING +2 sling.
  1865 | D:3      | Noticed qw's ghost (amateur GrHs)
  1876 | D:3      | Found an ornate altar of the Wu Jian Council.
  1939 | D:3      | Found a runed translucent door.
  2139 | D:3      | Found a faded altar of an unknown god.
  2184 | D:3      | Noticed Terence
  2185 | D:3      | Killed Terence
  2218 | D:3      | Reached XP level 5. HP: 30/30 MP: 6/6
  2377 | D:3      | Noticed Ijyb
  2389 | D:3      | Killed Ijyb
  2390 | D:3      | Reached skill level 5 in Ranged Weapons
  2430 | D:3      | 2430 ||| UPGRADING to +0 ring mail.
  2440 | D:3      | 2440 ||| DROPPING +0 robe.
  2441 | D:3      | 2441 ||| UPGRADING to +5 ring of evasion.
  2442 | D:3      | 2442 ||| READING scroll labelled TIARUVV IXINOA.
  2443 | D:3      | 2443 ||| DRINKING 2 red potions.
  2444 | D:3      | 2444 ||| READING 2 scrolls of identify.
  2444 | D:3      | 2444 ||| IDENTIFYING dark potion
  2445 | D:3      | 2445 ||| DROPPING potion of degeneration.
  2446 | D:3      | 2446 ||| DROPPING potion of brilliance.
  2472 | D:4      | Reached skill level 1 in Armour
  2473 | D:4      | 2473 ||| STAIRDANCE
  2477 | D:3      | Reached XP level 6. HP: 26/36 MP: 7/7
  2480 | D:3      | Reached skill level 3 in Fighting
  2566 | D:4      | Identified the +0 leather armour "Liyth" {Dex+6}
  2905 | D:4      | 2905 ||| UPGRADING to +0 leather armour "Liyth" {Dex+6}.
  2915 | D:4      | 2915 ||| DROPPING +0 ring mail.
  2916 | D:4      | 2916 ||| UPGRADING to +2 helmet.
  2921 | D:4      | 2921 ||| READING scroll labelled UPHOESOREVEVY.
  2922 | D:4      | 2922 ||| READING scroll labelled OXZIL BOANIGH.
  2923 | D:4      | 2923 ||| DRINKING 2 fizzy brown potions.
  2933 | D:5      | Entered Level 5 of the Dungeon
  2948 | D:5      | Found a broken altar of Ashenzari.
  3010 | D:5      | Reached skill level 6 in Ranged Weapons
  3028 | D:5      | Reached XP level 7. HP: 41/41 MP: 8/8
  3105 | D:5      | Found a staircase to the Ecumenical Temple.
  3106 | D:5      | 3106 ||| PLANNING TEMPLE
  3106 | D:5      | 3106 ||| READING scroll labelled OGAILUZYCU.
  3112 | D:5      | 3112 ||| DRINKING 2 bubbling clear potions.
  3113 | D:5      | 3113 ||| Stepping randomly (stuck).
  3114 | D:5      | 3114 ||| Stepping randomly (stuck).
  3115 | D:5      | 3115 ||| Stepping randomly (stuck).
  3116 | D:5      | 3116 ||| Stepping randomly (stuck).
  3117 | D:5      | 3117 ||| Stepping randomly (stuck).
  3246 | Temple   | Entered the Ecumenical Temple
  3301 | Temple   | 3301 ||| PLANNING D:1-11
  3428 | D:5      | Found a radiant altar of Vehumet.
  3479 | D:5      | Reached skill level 7 in Ranged Weapons
  3701 | D:5      | Found a hide-covered altar of Uskayaw.
  3726 | D:5      | 3726 ||| READING scroll labelled KISORH QOONK.
  3746 | D:6      | 3746 ||| SWAPPING to +0 triple crossbow.
  3747 | D:6      | 3747 ||| DROPPING +2 sling of electrocution.
  3825 | D:6      | Reached XP level 8. HP: 45/48 MP: 9/9
  3829 | D:6      | Reached skill level 8 in Ranged Weapons
  3948 | D:6      | Reached skill level 9 in Ranged Weapons
  3967 | D:6      | Reached skill level 3 in Dodging
  3968 | D:6      | 3968 ||| FLEEEEING.
  4089 | D:6      | Found Tunleulla's Firing Range.
  4170 | D:6      | 4170 ||| UPGRADING to +0 pair of boots.
  4175 | D:6      | 4175 ||| READING 4 scrolls of identify.
  4175 | D:6      | 4175 ||| IDENTIFYING yellow potion
  4176 | D:6      | 4176 ||| READING 3 scrolls of identify.
  4176 | D:6      | 4176 ||| IDENTIFYING fizzy golden potion
  4177 | D:6      | 4177 ||| READING 2 scrolls of identify.
  4177 | D:6      | 4177 ||| IDENTIFYING murky green potion
  4202 | D:7      | 4202 ||| DRINKING potion of curing.
  4202 | D:7      | 4202 ||| (to cure confusion)
  4211 | D:7      | Reached skill level 6 in Fighting
  4211 | D:7      | Reached XP level 9. HP: 53/56 MP: 10/10
  4428 | D:7      | 4428 ||| READING scroll of enchant weapon.
  4428 | D:7      | 4428 ||| ENCHANTING +0 triple crossbow.
  4451 | D:7      | Reached skill level 10 in Ranged Weapons
  4546 | D:7      | Identified the +10 falchion of Xep Xeus {pain, Str+2}
  4650 | D:7      | Found a glowing golden altar of the Shining One.
  4784 | D:7      | 4784 ||| READING 2 scrolls of identify.
  4784 | D:7      | 4784 ||| IDENTIFYING green potion
  4785 | D:7      | 4785 ||| DROPPING potion of berserk rage.
  4850 | D:8      | 4850 ||| FLEEEEING.
  4851 | D:8      | 4851 ||| FLEEEEING.
  4852 | D:8      | 4852 ||| FLEEEEING.
  4853 | D:8      | 4853 ||| FLEEEEING.
  4854 | D:8      | 4854 ||| FLEEEEING.
  4855 | D:8      | 4855 ||| FLEEEEING.
  4856 | D:8      | 4856 ||| FLEEEEING.
  4857 | D:8      | 4857 ||| FLEEEEING.
  4858 | D:8      | 4858 ||| FLEEEEING.
  4859 | D:8      | 4859 ||| FLEEEEING.
  4860 | D:8      | 4860 ||| FLEEEEING.
  4861 | D:8      | 4861 ||| FLEEEEING.
  4862 | D:8      | 4862 ||| FLEEEEING.
  4863 | D:8      | 4863 ||| FLEEEEING.
  4864 | D:8      | 4864 ||| STAIRDANCE
  4982 | D:8      | Noticed Maggie
  4986 | D:8      | Killed Maggie
  4993 | D:8      | Reached skill level 11 in Ranged Weapons
  5085 | D:8      | Found a snail-covered altar of Cheibriados.
  5149 | D:8      | Found a staircase to the Lair.
  5299 | D:8      | Found an iron altar of Okawaru.
  5300 | D:8      | 5300 ||| PLANNING OKAWARU WORSHIP
  5300 | D:8      | 5300 ||| READING scroll labelled KOROP WONN.
  5304 | D:8      | Became a worshipper of Warmaster Okawaru
  5305 | D:8      | 5305 ||| PLANNING D:1-11
  5330 | D:8      | Found Zyny's Weapon Boutique.
  5439 | D:8      | Noticed Gastronok
  5453 | D:8      | Killed Gastronok
  5453 | D:8      | Reached * piety under Okawaru
  5454 | D:8      | Reached skill level 6 in Dodging
  5454 | D:8      | Reached XP level 10. HP: 43/63 MP: 11/11
  5503 | D:8      | 5503 ||| PLANNING LAIR
  5503 | D:8      | 5503 ||| READING scroll labelled OTA GIWNOF.
  5550 | Lair:1   | Entered Level 1 of the Lair of Beasts
  5569 | Lair:1   | Noticed an elephant
  5570 | Lair:1   | Noticed an elephant
  5571 | Lair:1   | Noticed an elephant
  5572 | Lair:1   | Noticed an elephant
  5575 | Lair:1   | Killed an elephant
  5575 | Lair:1   | Reached ** piety under Okawaru
  5576 | Lair:1   | Reached skill level 3 in Armour
  5576 | Lair:1   | Reached skill level 1 in Invocations
  5580 | Lair:1   | Killed an elephant
  5582 | Lair:1   | 5582 ||| INVOKING Heroism.
  5585 | Lair:1   | Killed an elephant
  5586 | Lair:1   | Reached skill level 3 in Invocations
  5589 | Lair:1   | Killed an elephant
  5592 | Lair:1   | Noticed an elephant
  5593 | Lair:1   | Reached *** piety under Okawaru
  5596 | Lair:1   | 5596 ||| INVOKING Heroism.
  5599 | Lair:1   | Killed an elephant
  5743 | Lair:1   | Noticed a cane toad
  5744 | Lair:1   | 5744 ||| INVOKING Heroism.
  5746 | Lair:1   | Killed a cane toad
  5802 | Lair:1   | Reached skill level 12 in Ranged Weapons
  5802 | Lair:1   | Reached XP level 11. HP: 68/68 MP: 14/14
  5863 | Lair:1   | 5863 ||| INVOKING Heroism.
  5975 | Lair:1   | 5975 ||| INVOKING Heroism.
  6067 | Lair:1   | 6067 ||| INVOKING Heroism.
  6111 | Lair:1   | Noticed a catoblepas
  6117 | Lair:1   | 6117 ||| INVOKING Heroism.
  6121 | Lair:1   | Reached skill level 13 in Ranged Weapons
  6127 | Lair:1   | Killed a catoblepas
  6132 | Lair:1   | 6132 ||| INVOKING Heroism.
  6139 | Lair:1   | Reached skill level 9 in Fighting
  6354 | Lair:1   | 6354 ||| INVOKING Heroism.
  6445 | Lair:1   | Reached **** piety under Okawaru
  6731 | Lair:1   | 6731 ||| READING scroll labelled JUUCOA JILUADGH.
  6778 | Lair:1   | 6778 ||| READING 3 scrolls of identify.
  6778 | Lair:1   | 6778 ||| IDENTIFYING amethyst potion
  6796 | Lair:2   | 6796 ||| INVOKING Heroism.
  6811 | Lair:2   | HP: 15/71 [komodo dragon (14)]
  6812 | Lair:2   | 6812 ||| STAIRDANCE
  6814 | Lair:1   | 6814 ||| READING 4 scrolls of teleportation.
  6815 | Lair:1   | 6815 ||| DRINKING potion of heal wounds.
  6949 | Lair:2   | Reached ***** piety under Okawaru
  6950 | Lair:2   | Reached skill level 6 in Invocations
  6962 | Lair:2   | 6962 ||| INVOKING Heroism.
  6968 | Lair:2   | Reached skill level 14 in Ranged Weapons
  7075 | Lair:2   | 7075 ||| INVOKING Heroism.
  7081 | Lair:2   | Reached XP level 12. HP: 76/76 MP: 14/17
  7118 | Lair:2   | Noticed a four-headed hydra
  7119 | Lair:2   | 7119 ||| INVOKING Heroism.
  7127 | Lair:2   | Killed a four-headed hydra
  7134 | Lair:2   | Found a staircase to the Swamp.
  7187 | Lair:2   | Found a staircase to the Snake Pit.
  7188 | Lair:2   | 7188 ||| Stepping ~*~*~tactically~*~*~ (outnumbered).
  7189 | Lair:2   | 7189 ||| Stepping ~*~*~tactically~*~*~ (outnumbered).
  7195 | Lair:2   | 7195 ||| INVOKING Heroism.
  7595 | Lair:2   | 7595 ||| INVOKING Heroism.
  7686 | Lair:2   | Found a transporter.
  7705 | Lair:2   | Found a transporter.
  7923 | Lair:2   | Noticed a boulder beetle
  7924 | Lair:2   | 7924 ||| INVOKING Heroism.
  7925 | Lair:2   | 7925 ||| INVOKING Finesse.
  7936 | Lair:2   | Killed a boulder beetle
  8000 | Lair:2   | 8000 ||| INVOKING Heroism.
  8157 | Lair:2   | 8157 ||| UPGRADING to +0 cloak.
  8162 | Lair:2   | 8162 ||| DROPPING ring of willpower.
  8226 | Lair:3   | Noticed Rupert
  8227 | Lair:3   | 8227 ||| INVOKING Heroism.
  8227 | Lair:3   | Paralysed by Rupert for 5 turns
  8234 | Lair:3   | HP: 19/77 [Rupert/+4 great sword of holy wrath (13)]
  8235 | Lair:3   | 8235 ||| READING 4 scrolls of teleportation.
  8236 | Lair:3   | HP: 2/77 [Rupert/+4 great sword of holy wrath (17)]
  8284 | Lair:3   | 8284 ||| INVOKING Heroism.
  8288 | Lair:3   | 8288 ||| READING 3 scrolls of teleportation.
  8544 | Lair:3   | Identified the +4 broad axe "Luruc" {drain, *Noise rN+
                  | SInv}
  8584 | Lair:3   | 8584 ||| INVOKING Heroism.
  8598 | Lair:3   | Killed Rupert
  8599 | Lair:3   | Reached skill level 9 in Invocations
  8867 | Lair:3   | Noticed an eight-headed hydra
  8868 | Lair:3   | 8868 ||| INVOKING Heroism.
  8874 | Lair:3   | Killed an eight-headed hydra
  9134 | Lair:3   | 9134 ||| READING 3 scrolls of identify.
  9134 | Lair:3   | 9134 ||| IDENTIFYING brown potion
  9135 | Lair:3   | 9135 ||| READING 2 scrolls of identify.
  9135 | Lair:3   | 9135 ||| IDENTIFYING murky sapphire potion
  9136 | Lair:3   | 9136 ||| DROPPING potion of attraction.
  9137 | Lair:3   | 9137 ||| DROPPING potion of invisibility.
  9161 | Lair:4   | 9161 ||| PLANNING GAUNTLET
  9162 | Lair:4   | 9162 ||| Stepping ~*~*~tactically~*~*~ (outnumbered).
  9269 | Lair:4   | 9269 ||| FLEEEEING.
  9414 | Lair:4   | 9414 ||| INVOKING Heroism.
  9447 | Lair:4   | 9447 ||| INVOKING Heroism.
  9499 | Lair:4   | Reached skill level 15 in Ranged Weapons
  9503 | Lair:4   | Identified the +2 arbalest of Brawling {heavy, Int+3}
                  | (Okawaru gifted it to you on level 4 of the Lair of Beasts)
  9503 | Lair:4   | Received a gift from Okawaru
  9507 | Lair:4   | Reached XP level 13. HP: 48/82 MP: 20/20
  9507 | Lair:4   | 9507 ||| INVOKING Heroism.
  9648 | Lair:4   | 9648 ||| INVOKING Heroism.
  9690 | Lair:4   | 9690 ||| RIP GAUNTLET
  9694 | Lair:4   | 9694 ||| PLANNING LAIR
  9756 | Lair:4   | 9756 ||| INVOKING Heroism.
  9890 | Lair:4   | 9890 ||| INVOKING Heroism.
 10015 | Lair:4   | Reached skill level 16 in Ranged Weapons
 10016 | Lair:4   | 10016 ||| INVOKING Heroism.
 10037 | Lair:4   | Received a gift from Okawaru
 10191 | Lair:4   | Identified the +2 leather armour of the Boiling Point
                  | {Int+6}
 10250 | Lair:4   | 10250 ||| INVOKING Heroism.
 10257 | Lair:4   | HP: 14/84 [hell rat (12)]
 10258 | Lair:4   | 10258 ||| READING 3 scrolls of teleportation.
 10752 | Lair:4   | 10752 ||| DROPPING +2 leather armour of the Boiling Point
                  | {Int+6}.
 10774 | Lair:5   | Entered Level 5 of the Lair of Beasts
 10778 | Lair:5   | 10778 ||| INVOKING Heroism.
 10789 | Lair:5   | 10789 ||| STAIRDANCE
 10980 | Lair:5   | 10980 ||| INVOKING Heroism.
 10989 | Lair:5   | HP: 15/84 [komodo dragon (10)]
 10989 | Lair:5   | HP: 7/84 [black mamba (8)]
 10990 | Lair:5   | 10990 ||| READING 2 scrolls of teleportation.
 10991 | Lair:5   | HP: 1/84 [cane toad (4)]
 10993 | Lair:5   | 10993 ||| READING scroll of teleportation.
 10997 | Lair:5   | Found a staircase to the Slime Pits.
 10997 | Lair:5   | Found a viscous altar of Jiyva.
 11181 | Lair:5   | 11181 ||| INVOKING Heroism.
 11233 | Lair:5   | 11233 ||| INVOKING Heroism.
 11274 | Lair:5   | 11274 ||| INVOKING Heroism.
 11297 | Lair:5   | Reached skill level 17 in Ranged Weapons
 11345 | Lair:5   | Received a gift from Okawaru
 11349 | Lair:5   | 11349 ||| FLEEEEING.
 11350 | Lair:5   | 11350 ||| FLEEEEING.
 11351 | Lair:5   | 11351 ||| FLEEEEING.
 11352 | Lair:5   | 11352 ||| FLEEEEING.
 11353 | Lair:5   | 11353 ||| FLEEEEING.
 11354 | Lair:5   | 11354 ||| FLEEEEING.
 11355 | Lair:5   | 11355 ||| FLEEEEING.
 11356 | Lair:5   | 11356 ||| FLEEEEING.
 11357 | Lair:5   | 11357 ||| STAIRDANCE
 11507 | Lair:5   | 11507 ||| INVOKING Heroism.
 11560 | Lair:5   | 11560 ||| INVOKING Heroism.
 11562 | Lair:5   | 11562 ||| INVOKING Finesse.
 11565 | Lair:5   | Found the ring of the Octopus King
 11566 | Lair:5   | 11566 ||| Stepping ~*~*~tactically~*~*~ (water).
 11579 | Lair:5   | Gained mutation: Your large and strong wings let you fly.
                  | [Gargoyle growth]
 11579 | Lair:5   | Reached XP level 14. HP: 78/90 MP: 15/21
 11623 | Lair:5   | Identified a ring of the Octopus King {rN+ HP+2 AC+2 EV+2
                  | SH+2}
 11643 | Lair:5   | Identified the +1 robe "Fiabim" {-Tele Regen+ Dex+5}
                  | (Okawaru gifted it to you on level 5 of the Lair of Beasts)
 11643 | Lair:5   | Received a gift from Okawaru
 11686 | Lair:5   | 11686 ||| FLEEEEING.
 11687 | Lair:5   | 11687 ||| FLEEEEING.
 11688 | Lair:5   | 11688 ||| FLEEEEING.
 11702 | Lair:5   | 11702 ||| INVOKING Heroism.
 11712 | Lair:5   | Reached skill level 18 in Ranged Weapons
 12072 | Lair:5   | 12072 ||| PLANNING D:1-11
 12072 | Lair:5   | 12072 ||| UPGRADING to ring of the Octopus King {rN+ HP+2
                  | AC+2 EV+2 SH+2}.
 12078 | Lair:5   | 12078 ||| DROPPING +4 ring of slaying {mikee}.
 12079 | Lair:5   | 12079 ||| READING 2 scrolls of identify.
 12079 | Lair:5   | 12079 ||| IDENTIFYING viscous golden potion
 12266 | D:9      | 12266 ||| Stepping ~*~*~tactically~*~*~ (outnumbered).
 12282 | D:9      | 12282 ||| Stepping ~*~*~tactically~*~*~ (outnumbered).
 12508 | D:9      | 12508 ||| FLEEEEING.
 12509 | D:9      | 12509 ||| FLEEEEING.
 12510 | D:9      | 12510 ||| FLEEEEING.
 12511 | D:9      | 12511 ||| FLEEEEING.
 12512 | D:9      | 12512 ||| FLEEEEING.
 12513 | D:9      | 12513 ||| FLEEEEING.
 12514 | D:9      | 12514 ||| FLEEEEING.
 12522 | D:9      | Found a shimmering altar of Xom.
 12611 | D:9      | 12611 ||| Stepping ~*~*~tactically~*~*~ (outnumbered).
 12798 | D:9      | 12798 ||| Stepping ~*~*~tactically~*~*~ (outnumbered).
 12801 | D:9      | 12801 ||| Stepping ~*~*~tactically~*~*~ (outnumbered).
 12811 | D:9      | Found a flagged portal.
 12875 | D:9      | 12875 ||| DROPPING +0 leather armour of poison resistance.
 12903 | D:10     | Entered Level 10 of the Dungeon
 13031 | D:10     | 13031 ||| INVOKING Heroism.
 13035 | D:10     | Reached skill level 12 in Fighting
 13106 | D:10     | 13106 ||| INVOKING Heroism.
 13294 | D:10     | 13294 ||| READING scroll of enchant weapon.
 13294 | D:10     | 13294 ||| ENCHANTING +1 triple crossbow.
 13399 | D:10     | Reached skill level 6 in Armour
 13499 | D:10     | Noticed Nergalle
 13501 | D:10     | Killed Nergalle
 13511 | D:10     | Noticed Maurice
 13514 | D:10     | Killed Maurice
 14133 | D:11     | 14133 ||| INVOKING Heroism.
 14134 | D:11     | 14134 ||| INVOKING Finesse.
 14419 | D:11     | 14419 ||| PLANNING D
 14419 | D:11     | 14419 ||| READING 3 scrolls of identify.
 14419 | D:11     | 14419 ||| IDENTIFYING golden potion
 14420 | D:11     | 14420 ||| DROPPING potion of ambrosia.
 14617 | D:12     | 14617 ||| Stepping ~*~*~tactically~*~*~ (outnumbered).
 14729 | D:12     | 14729 ||| INVOKING Heroism.
 14741 | D:12     | Found a staircase to the Orcish Mines.
 14770 | D:12     | Reached skill level 19 in Ranged Weapons
 14882 | D:12     | 14882 ||| INVOKING Heroism.
 14892 | D:12     | HP: 21/94 [skeletal warrior/+2 trident of protection (21)]
 14893 | D:12     | 14893 ||| READING scroll of teleportation.
 14894 | D:12     | 14894 ||| DRINKING 2 potions of heal wounds.
 14897 | D:12     | 14897 ||| INVOKING Finesse.
 15058 | D:12     | 15058 ||| INVOKING Heroism.
 15626 | D:13     | 15626 ||| INVOKING Heroism.
 15631 | D:13     | 15631 ||| STAIRDANCE
 15636 | D:12     | HP: 18/94 [large slime creature (9)]
 15637 | D:12     | 15637 ||| DRINKING potion of heal wounds.
 15640 | D:12     | Reached XP level 15. HP: 51/96 MP: 22/22
 16111 | D:13     | Received a gift from Okawaru
 16688 | D:13     | 16688 ||| DROPPING +2 helmet.
 16748 | D:14     | 16748 ||| INVOKING Heroism.
 16845 | D:14     | Found a gate to the Vaults.
 16877 | D:14     | Noticed Frances
 16877 | D:14     | Noticed Kirke
 16878 | D:14     | 16878 ||| INVOKING Heroism.
 16879 | D:14     | 16879 ||| INVOKING Finesse.
 16881 | D:14     | Noticed a sphinx
 16883 | D:14     | Killed Kirke
 16884 | D:14     | Reached skill level 9 in Dodging
 16890 | D:14     | Killed Frances
 17089 | D:14     | 17089 ||| INVOKING Heroism.
 17096 | D:14     | Received a gift from Okawaru
 17253 | D:14     | Found Edirump's Antique Weapon Shoppe.
 17294 | D:14     | Noticed Azrael
 17295 | D:14     | 17295 ||| INVOKING Heroism.
 17296 | D:14     | 17296 ||| INVOKING Finesse.
 17296 | D:14     | Noticed Jorgrun
 17313 | D:14     | Killed Jorgrun
 17315 | D:14     | Killed Azrael
 17505 | D:14     | Received a gift from Okawaru
 17740 | D:14     | 17740 ||| DROPPING +6 ring of intelligence.
 17759 | D:15     | Entered Level 15 of the Dungeon
 17801 | D:15     | 17801 ||| INVOKING Heroism.
 18018 | D:15     | 18018 ||| INVOKING Heroism.
 18034 | D:15     | 18034 ||| Stepping ~*~*~tactically~*~*~ (outnumbered).
 18035 | D:15     | Paralysed by an orc sorcerer for 4 turns
 18051 | D:15     | Reached skill level 20 in Ranged Weapons
 18195 | D:15     | Found Dodd's Weapon Shoppe.
 18271 | D:15     | 18271 ||| INVOKING Heroism.
 18279 | D:15     | HP: 20/100 [salamander/+3 trident of protection (14)]
 18280 | D:15     | Slain by a salamander

Levels and vault maps discovered:
D:1:      tarquinn_simple_flora_water_d, layout_loops_ring
D:2:      layout_basic, serial_shops, nicolae_shop_tiny_statue_garden, shop,
          nicolae_shop_window_shopping, nicolae_square_shop,
          cheibrodos_gnoll_hut
D:3:      layout_loops_ring, nzn_wu_jian_contemplation,
          hellmonk_ghost_happy_afterlife, nicolae_ecumenical_lake_church,
          minmay_goblin_outpost, uniq_ijyb, uniq_robin, uniq_terence
D:4:      layout_basic, minmay_manual_mess
D:5:      layout_basic, nicolae_uskayaw_dance_hall,
          nicolae_ashenzari_panopticon, vehumet_altar_wand_db,
          minmay_temple_entry_fiery, minmay_misc_feat_secret_circle,
          solitary_fountain
D:6:      layout_cave_pools, nicolae_shop_firing_range
D:7:      layout_basic, lemuel_doored_altar, minmay_misc_feat_iff
D:8:      layout_basic, cheibriados_altar_1, mainiacjoe_overflow_chevrons,
          serial_shops, nicolae_shop_behind_doors, grunt_ministairs_6,
          uniq_maggie, uniq_gastronok
D:9:      layout_gridville, mainiacjoe_overflow_cross_hatched, enter_bailey_5
D:10:     layout_irregular_city, uniq_nergalle, uniq_maurice
D:11:     layout_stronghold, minmay_between
D:12:     layout_roguey, zombieorc1_lemuel, minmay_door_square
D:13:     layout_layer_cave
D:14:     layout_stronghold, erik_vaults_1, serial_shops, shop, uniq_frances,
          uniq_kirke, uniq_azrael, uniq_jorgrun
D:15:     hangedman_depths_entry_try_elsewhere_first, layout_basic,
          serial_shops, shop, statue_in_the_mist_lemuel, drop_trap,
          uniq_josephine
Temple:   zaba_magenta_temple
Lair:1:   layout_misc_corridors, gammafunk_lair_bear_cave
Lair:2:   gammafunk_worm_tunnel, layout_cave_pods, minmay_swamp_entry_reptiles,
          guppyfry_snake_entry_island
Lair:3:   layout_long_grid, pond, grunt_megastairs_5, uniq_rupert
Lair:4:   cheibrodos_magma_flow, layout_regular_city, gauntlet_entry_generic,
          nicolae_lair_grazing_beasts [nicolae_sub_lair_graze_edge,
          nicolae_sub_lair_graze_edge, nicolae_sub_lair_graze_edge,
          nicolae_sub_lair_graze_edge], serial_bayou_shore_a
Lair:5:   gammafunk_lair_ancient_temple, layout_gridlike, slime_entry_1

Skill      XL: |  1  2  3  4  5  6  7  8  9 10 11 12 13 14 15 |
---------------+----------------------------------------------+-----
Ranged Weapons | 3 4 5 6 7 9 11 12 14 15 17 19 20 | 20.0
Fighting       | 2 3 4 6 7 8 9 10 11 12 13 | 13.0
Armour         | 1 2 3 5 6 |  6.5
Dodging        | 2 3 6 7 8 9 |  9.0
Invocations    | 4 6 10 | 10.0
Spellcasting   | |  1.0
Hexes          | |  2.6

Action                     |  1- 3 |  4- 6 |  7- 9 | 10-12 | 13-15 || total
---------------------------+-------+-------+-------+-------+-------++-------
   Fire: Sling             |   112 |   160 |    35 |       |       ||   307
         Triple crossbow   |       |       |   135 |   309 |   883 ||  1327
 Invoke: Heroism           |       |       |       |    23 |    28 ||    51
         Finesse           |       |       |       |     1 |     5 ||     6
    Use: Scroll            |     4 |     5 |     8 |     8 |     7 ||    32
         Potion            |       |     2 |     2 |     1 |     2 ||     7
 Armour: Robe              |    21 |    10 |       |       |       ||    31
         Ring mail         |       |    12 |       |       |       ||    12
         Leather armour    |       |     1 |    33 |    69 |   222 ||   325
  Dodge: Dodged            |    38 |    51 |    99 |   258 |   845 ||  1291
  Block: Other             |     7 |    14 |    23 |    55 |   227 ||   326
         Reflection        |       |     1 |     3 |       |     6 ||    10

Table legend:
 A = Non-vault XP
 B = Vault XP
 C = Vault XP percentage of total XP
 D = Non-vault monster count
 E = Vault monster count
 F = Vault count percentage of total count
                 A         B        C        D         E       F
            +---------+---------+-------+---------+---------+-------
      Total |   85131 |   33820 |  28.4 |     454 |     143 |  24.0
            +---------+---------+-------+---------+---------+-------
        D:1 |      38 |       0 |   0.0 |      24 |       0 |   0.0
        D:2 |      30 |      18 |  37.5 |      15 |       3 |  16.7
        D:3 |      33 |     173 |  84.0 |      16 |      27 |  62.8
        D:4 |     110 |      50 |  31.2 |      23 |       4 |  14.8
        D:5 |     586 |       1 |   0.2 |      24 |       1 |   4.0
        D:6 |    1226 |       0 |   0.0 |      19 |       0 |   0.0
        D:7 |     989 |       0 |   0.0 |      19 |       0 |   0.0
        D:8 |     456 |    2106 |  82.2 |      16 |       4 |  20.0
        D:9 |    1845 |       7 |   0.4 |      31 |       4 |  11.4
       D:10 |    4345 |    1218 |  21.9 |      27 |       2 |   6.9
       D:11 |    3277 |     939 |  22.3 |       8 |       2 |  20.0
       D:12 |   11643 |    1252 |   9.7 |      41 |      29 |  41.4
       D:13 |    7613 |       0 |   0.0 |      16 |       0 |   0.0
       D:14 |    7278 |    8868 |  54.9 |      15 |      14 |  48.3
       D:15 |    5455 |    1852 |  25.3 |      11 |       2 |  15.4
     Lair:1 |    9812 |     442 |   4.3 |      36 |       4 |  10.0
     Lair:2 |    5736 |    1699 |  22.9 |      24 |       7 |  22.6
     Lair:3 |    1673 |    2579 |  60.7 |       6 |       7 |  53.8
     Lair:4 |   10654 |    5276 |  33.1 |      52 |      18 |  25.7
     Lair:5 |   12332 |    7340 |  37.3 |      31 |      15 |  32.6
            +---------+---------+-------+---------+---------+-------
